[Event "Titled Tuesday Blitz May 23 Early 2023"]
[White "Talibov, Shiroghlan"]
[Black "Danielyan, Vahe"]
[WhiteFideId "13429078"]
[BlackFideId "13304828"]
[WhiteElo "2188"]
[BlackElo "2423"]
[Result "1-0"]
[Round "02"]
[TimeControl "180+2"]
[Date "2023.05.23"]
[WhiteClock "0:00:54"]
[BlackClock "0:00:01"]

1. a3 e5 2. c4 f5 3. b4 a5 4. Bb2 axb4 5. axb4 Rxa1 6. Bxa1 Bxb4 7. Bxe5 Qe7 8. Nf3 Nf6 9. e3 Nc6 10. Bb2 O-O 11. Be2 d6 12. O-O Bd7 13. Nc3 Ne5 14. Qb3 Bxc3 15. Bxc3 Bc6 16. Nxe5 dxe5 17. Bb4 Qd7 18. Bxf8 Qxd2 19. Bxg7 Kxg7 20. Qd3 Qb4 21. Qxf5 Be4 22. Qxe5 Qb6 23. Qe7+ Kg6 24. c5 Qc6 25. Bc4 b6 26. Qf7+ Kf5 27. f3 Bc2 28. e4+ Ke5 29. cxb6 cxb6 30. Qe7+ Kd4 31. Bd5 Nxd5 32. exd5 Qxd5 33. Qb4+ Ke3 34. Re1+ Kd3 35. Qxb6 Kd2 36. Qe3# 1-0


[Site "https://www.chess.com"]

[Event "Titled Tuesday Blitz May 23 Early 2023"]
[White "Siva Mahadevan"]
[Black "Melian, Juan Sebastian"]
[WhiteFideId "25043153"]
[BlackFideId "3706575"]
[WhiteElo "2249"]
[BlackElo "2092"]
[Result "1-0"]
[Round "02"]
[TimeControl "180+2"]
[Date "2023.05.23"]
[WhiteClock "0:00:16"]
[BlackClock "0:00:02"]

1. e4 e5 2. Nf3 Nc6 3. Bb5 a6 4. Ba4 Nf6 5. O-O Nxe4 6. d4 b5 7. Bb3 d5 8. dxe5 Be7 9. Be3 Be6 10. c3 O-O 11. Nbd2 Nxd2 12. Qxd2 Na5 13. Bc2 c5 14. b3 Qd7 15. Rad1 Rfd8 16. c4 Nc6 17. cxd5 Bxd5 18. Be4 Nd4 19. Bxd5 Qxd5 20. Bxd4 cxd4 21. Qxd4 Qc6 22. Qg4 Qc2 23. Nd4 Qg6 24. Qf3 Re8 25. Nf5 Bf8 26. Rfe1 Rad8 27. Rxd8 Rxd8 28. h4 Qe6 29. h5 g6 30. Ng3 Be7 31. Qf4 Qd5 32. Ne4 Qe6 33. h6 Re8 34. Rd1 Rd8 35. Rc1 Rd7 36. Rc8+ Rd8 37. Rc7 Re8 38. g3 Bd8 39. Ra7 Be7 40. Kg2 Qb6 41. Rd7 Qc6 42. Rd3 Rf8 43. Rf3 Qe6 44. Ng5 Bxg5 45. Qxg5 Qd5 46. Qf6 1-0


[Site "https://www.chess.com"]

[Event "Titled Tuesday Blitz May 23 Early 2023"]
[White "Baghdasaryan, Vahe"]
[Black "Bondau"]
[WhiteFideId "13303139"]
[WhiteElo "2216"]
[BlackElo "2826"]
[Result "0-1"]
[Round "02"]
[TimeControl "180+2"]
[Date "2023.05.23"]
[WhiteClock "0:00:00"]
[BlackClock "0:00:10"]

1. e4 c5 2. Nf3 d6 3. d4 cxd4 4. Nxd4 Nf6 5. Nc3 a6 6. Bg5 e6 7. f4 h6 8. Bh4 Qb6 9. Bf2 Qxb2 10. Na4 Qa3 11. c4 Bd7 12. Qb3 Qxa4 13. Qxb7 Qa5+ 14. Ke2 Be7 15. Qxa8 O-O 16. Qb7 Qc3 17. Rd1 Ba4 18. Rd3 Qxc4 19. Qxe7 Nxe4 20. Kf3 Nc5 21. Rd2 Qc3+ 22. Be3 Nc6 23. Nxc6 Bxc6+ 24. Kf2 Ne4+ 25. Ke2 Bb5+ 26. Ke1 Qxe3+ 27. Be2 Qxd2+ 28. Kf1 Qxe2+ 0-1


[Site "https://www.chess.com"]

[Event "Titled Tuesday Blitz May 23 Early 2023"]
[White "Salinas Herrera, Pablo"]
[Black "Toncheva, Nadya"]
[WhiteFideId "3407128"]
[BlackFideId "2924056"]
[WhiteElo "2546"]
[BlackElo "2101"]
[Result "1-0"]
[Round "02"]
[TimeControl "180+2"]
[Date "2023.05.23"]
[WhiteClock "0:00:09"]
[BlackClock "0:00:07"]

1. d4 d5 2. c4 dxc4 3. Nf3 Nf6 4. e3 e6 5. Bxc4 c5 6. O-O a6 7. Bb3 Nc6 8. Nc3 Qc7 9. Qe2 Be7 10. Rd1 O-O 11. a3 b5 12. Bd2 cxd4 13. exd4 Bb7 14. Rac1 Rac8 15. Bg5 Rfe8 16. Ne5 Qb8 17. Nxf7 Kxf7 18. Qxe6+ Kg6 19. h4 Bd6 20. Qf7+ Kf5 21. Bc2+ Kg4 22. Qxg7 Nh5 23. f3+ Kg3 24. Bf4+ Kxf4 25. Qg5# 1-0


[Site "https://www.chess.com"]

[Event "Titled Tuesday Blitz May 23 Early 2023"]
[White "Vestby-Ellingsen, Mads"]
[Black "Fier, Alexandr"]
[WhiteFideId "1520857"]
[BlackFideId "2107139"]
[WhiteElo "2244"]
[BlackElo "2610"]
[Result "0-1"]
[Round "02"]
[TimeControl "180+2"]
[Date "2023.05.23"]
[WhiteClock "0:00:42"]
[BlackClock "0:01:59"]

1. Nf3 b6 2. a4 Bb7 3. a5 f5 4. e3 e6 5. d4 Nf6 6. Be2 Be7 7. O-O O-O 8. a6 Bc8 9. b3 d5 10. Ne5 c5 11. Bb5 Qc7 12. Bb2 Bd7 13. Nxd7 Nbxd7 14. Nd2 Rad8 15. Qe2 Ne4 16. Nf3 Bd6 17. c4 Ndf6 18. Rfd1 Ng4 19. g3 Ngxf2 20. Ne5 Nxd1 21. Rxd1 Bxe5 22. dxe5 dxc4 23. Bxc4 Rxd1+ 24. Qxd1 Qe7 25. Qf1 Rd8 26. Qxf5 Rd1+ 27. Kg2 Rd2+ 28. Kg1 Ng5 29. Bc3 Rd1+ 30. Kg2 Rc1 31. Bd2 Rxc4 32. Qd3 Rg4 33. h4 Ne4 34. Be1 h5 35. Kh3 Qf7 36. b4 Qf3 0-1


[Site "https://www.chess.com"]

[Event "Titled Tuesday Blitz May 23 Early 2023"]
[White "Han, Yichen"]
[Black "Rostovtsev, Dmitry"]
[WhiteFideId "1054430"]
[BlackFideId "34278320"]
[WhiteElo "2342"]
[BlackElo "2344"]
[Result "1-0"]
[Round "02"]
[TimeControl "180+2"]
[Date "2023.05.23"]
[WhiteClock "0:01:07"]
[BlackClock "0:00:01"]

1. d4 Nf6 2. c4 e6 3. Nc3 Bb4 4. Nf3 O-O 5. e3 d5 6. Bd2 b6 7. cxd5 exd5 8. Bd3 Bb7 9. Qc2 Re8 10. a3 Bf8 11. Ng5 g6 12. h4 Nc6 13. O-O-O Ng4 14. Nxh7 Nxf2 15. Nxf8 Rxf8 16. Bxg6 Nxd1 17. Nxd1 Ne7 18. Bd3 c5 19. Rh3 Rc8 20. Rg3+ Kh8 21. Bc3 c4 22. Qe2 Rc6 23. Qh5+ Rh6 24. Qxh6# 1-0


[Site "https://www.chess.com"]

[Event "Titled Tuesday Blitz May 23 Early 2023"]
[White "Saya, Ethan"]
[Black "Mahdavi, Reza"]
[WhiteFideId "26095181"]
[BlackFideId "12595926"]
[WhiteElo "2164"]
[BlackElo "2352"]
[Result "0-1"]
[Round "02"]
[TimeControl "180+2"]
[Date "2023.05.23"]
[WhiteClock "0:00:01"]
[BlackClock "0:00:54"]

1. d4 Nf6 2. c4 e6 3. Nc3 d5 4. cxd5 exd5 5. Bg5 c6 6. e3 h6 7. Bh4 Be7 8. Bd3 O-O 9. Nge2 Ne8 10. Bxe7 Qxe7 11. O-O Nd6 12. Qc2 Nd7 13. b4 Nb6 14. b5 Bd7 15. bxc6 Bxc6 16. a4 Nbc4 17. Rfb1 Rac8 18. Bxc4 Nxc4 19. Nf4 Na3 20. Ncxd5 Qd6 21. Rxa3 Qxa3 22. Qb3 Qd6 23. Qb4 Qxb4 24. Nxb4 Be4 25. Re1 Rc4 26. Nbd5 Rd8 27. Ne7+ Kf8 28. Neg6+ Bxg6 29. Nxg6+ fxg6 30. Rb1 Rdc8 31. g3 Rc1+ 32. Rxc1 Rxc1+ 33. Kg2 Ra1 34. d5 Rxa4 35. d6 Rc4 36. d7 Ke7 37. d8=Q+ Kxd8 0-1


[Site "https://www.chess.com"]

[Event "Titled Tuesday Blitz May 23 Early 2023"]
[White "Karthik Venkataraman"]
[Black "Bruedigam, Martin"]
[WhiteFideId "25006479"]
[BlackFideId "24608033"]
[WhiteElo "2419"]
[BlackElo "2331"]
[Result "1-0"]
[Round "02"]
[TimeControl "180+2"]
[Date "2023.05.23"]
[WhiteClock "0:00:42"]
[BlackClock "0:00:08"]

1. Nf3 d5 2. g3 c6 3. Bg2 Bg4 4. c4 Bxf3 5. Bxf3 e6 6. Qc2 Nd7 7. Bg2 Ngf6 8. O-O Be7 9. d4 O-O 10. Nd2 a6 11. e4 dxe4 12. Nxe4 Nxe4 13. Qxe4 Nf6 14. Qe3 Qb6 15. Qc3 Rad8 16. Rd1 Ne8 17. Bf4 Bf6 18. Be5 Rd7 19. h4 Qd8 20. Bf3 Nd6 21. Kg2 Nf5 22. d5 exd5 23. cxd5 cxd5 24. Bxf6 gxf6 25. Bg4 d4 26. Qf3 Ne7 27. Bxd7 Qxd7 28. Qxf6 Nc6 29. Rac1 Qd5+ 30. Kg1 Re8 31. Re1 Re6 32. Rxe6 fxe6 33. Qg5+ Qxg5 34. hxg5 Kf7 35. f4 Kg6 36. Kf2 e5 37. Kf3 Kf5 38. Rc5 Ke6 39. fxe5 d3 40. Ke4 Nb4 41. Rc8 Kd7 42. Rc4 1-0


[Site "https://www.chess.com"]

[Event "Titled Tuesday Blitz May 23 Early 2023"]
[White "Shevtchenko, Olesya"]
[Black "Pranav Anand"]
[WhiteFideId "24131890"]
[BlackFideId "46626786"]
[WhiteElo "2003"]
[BlackElo "2389"]
[Result "0-1"]
[Round "02"]
[TimeControl "180+2"]
[Date "2023.05.23"]
[WhiteClock "0:00:44"]
[BlackClock "0:01:26"]

1. e4 c5 2. Nf3 Nc6 3. d4 cxd4 4. Nxd4 Nf6 5. Nc3 e5 6. Ndb5 d6 7. Nd5 Nxd5 8. exd5 Nb8 9. Qf3 Nd7 10. Qa3 Nc5 11. b4 Na6 12. Be3 Nc7 13. Bxa7 Nxb5 14. Bxb5+ Bd7 15. Bxd7+ Qxd7 16. Qe3 Be7 17. a4 O-O 18. O-O f5 19. f3 Rfc8 20. c3 f4 21. Qb6 Rxc3 22. Rfc1 Rxc1+ 23. Rxc1 Qxa4 24. Rc7 Qa1+ 25. Kf2 Rxa7 26. Rc2 Qd4+ 27. Qxd4 exd4 28. Ke2 Ra3 29. Rc7 Bf6 30. Rxb7 d3+ 31. Kd2 Bd4 0-1


[Site "https://www.chess.com"]

[Event "Titled Tuesday Blitz May 23 Early 2023"]
[White "Ilamparthi A R"]
[Black "Omelja, Artem"]
[WhiteFideId "45015775"]
[BlackFideId "14119846"]
[WhiteElo "2348"]
[BlackElo "2404"]
[Result "0-1"]
[Round "02"]
[TimeControl "180+2"]
[Date "2023.05.23"]
[WhiteClock "0:00:18"]
[BlackClock "0:01:10"]

1. e4 c5 2. Nf3 Nc6 3. b4 cxb4 4. d4 d5 5. exd5 Qxd5 6. c4 bxc3 7. Nxc3 Qa5 8. d5 Qxc3+ 9. Bd2 Qa3 10. dxc6 bxc6 11. Qc2 Bd7 12. Ne5 Qd6 13. Nxd7 Qxd7 14. Rd1 Nf6 15. Be3 Nd5 16. Qe4 e6 17. Bd3 Nc3 18. Qf3 Nxd1 19. Qxd1 Rd8 20. Ke2 Be7 21. Qc2 h6 22. Rd1 Qc7 23. Rc1 O-O 24. Qxc6 Qxh2 25. Bxa7 Qh5+ 26. f3 Qa5 27. Qe4 Rxd3 0-1


[Site "https://www.chess.com"]

[Event "Titled Tuesday Blitz May 23 Early 2023"]
[White "Zherebukh, Yaroslav"]
[Black "surrenderPLS"]
[WhiteFideId "14116804"]
[WhiteElo "2531"]
[BlackElo "2549"]
[Result "1-0"]
[Round "02"]
[TimeControl "180+2"]
[Date "2023.05.23"]
[WhiteClock "0:00:29"]
[BlackClock "0:00:28"]

1. Nf3 Nf6 2. b3 g6 3. Bb2 Bg7 4. g3 O-O 5. Bg2 b6 6. O-O Bb7 7. c4 c5 8. d4 cxd4 9. Qxd4 d5 10. Rd1 Nc6 11. Qc3 Nh5 12. Qc1 e6 13. cxd5 exd5 14. Bxg7 Kxg7 15. Nc3 Nf6 16. Qb2 Ne7 17. e4 Rc8 18. Nxd5 Nxd5 19. exd5 Bxd5 20. Ng5 Rc5 21. b4 Qa8 22. bxc5 Bxg2 23. Rd6 Bh1 24. Qxf6+ Kg8 25. f3 h6 26. Ne4 1-0


[Site "https://www.chess.com"]

[Event "Titled Tuesday Blitz May 23 Early 2023"]
[White "Hayrapetyan, Hovik"]
[Black "Gontcharov, Vladislav"]
[WhiteFideId "13302639"]
[BlackFideId "4123492"]
[WhiteElo "2348"]
[BlackElo "2420"]
[Result "1-0"]
[Round "02"]
[TimeControl "180+2"]
[Date "2023.05.23"]
[WhiteClock "0:02:04"]
[BlackClock "0:00:23"]

1. d4 Nf6 2. c4 e6 3. Nc3 Bb4 4. Nf3 O-O 5. Bg5 h6 6. Bh4 c5 7. Rc1 cxd4 8. Nxd4 d5 9. cxd5 Qxd5 10. Bxf6 gxf6 11. a3 Bxc3+ 12. Rxc3 f5 13. Qd2 Kg7 14. Rg3+ Kf6 15. Qxh6+ Ke7 16. Qh4+ Ke8 17. Rd3 Qa5+ 18. b4 Qc7 19. Nb5 Qe7 20. Nd6+ 1-0


[Site "https://www.chess.com"]

[Event "Titled Tuesday Blitz May 23 Early 2023"]
[White "Tologon tegin, Semetei"]
[Black "Bryakin, Mikhail"]
[WhiteFideId "13800574"]
[BlackFideId "4165314"]
[WhiteElo "2247"]
[BlackElo "2467"]
[Result "0-1"]
[Round "02"]
[TimeControl "180+2"]
[Date "2023.05.23"]
[WhiteClock "0:00:52"]
[BlackClock "0:02:25"]

1. Nf3 c5 2. e3 Nc6 3. d4 cxd4 4. exd4 d5 5. Bd3 Bg4 6. c3 e6 7. h3 Bh5 8. O-O Bd6 9. Re1 Qc7 10. Nbd2 Nge7 11. a4 Bg6 12. Bxg6 Nxg6 13. Nb3 O-O 14. Nc5 Rfe8 15. Nd3 f6 16. b4 Rad8 17. Qb3 Qf7 18. Bd2 h6 19. c4 dxc4 20. Qxc4 e5 21. Qxf7+ Kxf7 22. dxe5 Ncxe5 23. Ndxe5+ Nxe5 24. b5 Nxf3+ 25. gxf3 Be5 26. Rad1 Rd4 27. Bc3 Rxd1 28. Rxd1 Bxc3 0-1


[Site "https://www.chess.com"]

[Event "Titled Tuesday Blitz May 23 Early 2023"]
[White "Ibadov, Dashgyn"]
[Black "Riehle, Marco"]
[WhiteFideId "24107514"]
[BlackFideId "12904392"]
[WhiteElo "2208"]
[BlackElo "2462"]
[Result "1-0"]
[Round "02"]
[TimeControl "180+2"]
[Date "2023.05.23"]
[WhiteClock "0:01:29"]
[BlackClock "0:02:15"]

1. e4 e5 2. Nf3 Nf6 3. Nc3 Nc6 4. d4 exd4 5. Nxd4 Nxe4 6. Nxc6 Nxc3 7. Nxd8 Nxd1 8. Nxf7 Kxf7 9. Kxd1 d5 10. Bf4 c6 11. Bd3 Bc5 12. Kd2 h6 13. h4 Rf8 14. f3 b5 15. Rae1 Bd7 16. h5 Kg8 17. Be5 Bb6 18. Rh4 c5 19. Bg6 Be8 20. Bd6 Bxg6 21. Bxf8 Bxc2 22. Bxc5 Bxc5 23. Kxc2 Rc8 24. Kd3 Bb6 25. Rg4 Kf7 26. Re5 d4 27. Rf5+ Kg8 28. Rd5 Rc1 29. Rd7 Rd1+ 30. Kc2 1-0


[Site "https://www.chess.com"]

[Event "Titled Tuesday Blitz May 23 Early 2023"]
[White "Taboas Rodriguez, Daniel"]
[Black "Kilic, Eray"]
[WhiteFideId "2208466"]
[BlackFideId "44517173"]
[WhiteElo "2365"]
[BlackElo "2328"]
[Result "0-1"]
[Round "02"]
[TimeControl "180+2"]
[Date "2023.05.23"]
[WhiteClock "0:00:10"]
[BlackClock "0:01:11"]

1. d4 Nf6 2. Nf3 g6 3. c4 Bg7 4. Nc3 d5 5. cxd5 Nxd5 6. e4 Nxc3 7. bxc3 c5 8. Be3 Qa5 9. Qd2 O-O 10. Rc1 Rd8 11. d5 e6 12. Bg5 Rd7 13. Be2 exd5 14. exd5 Nc6 15. O-O Ne7 16. c4 Qxd2 17. Nxd2 h6 18. Be3 b6 19. Rfe1 Nf5 20. Bg4 Re7 21. Bf4 Rxe1+ 22. Rxe1 Bd7 23. Nf3 b5 24. cxb5 Bxb5 25. Bxf5 gxf5 26. d6 Bc4 27. a4 Be6 28. Be5 Rd8 29. Rd1 Bb3 30. Rd2 c4 31. Bxg7 Kxg7 32. Nd4 Kf6 33. Nxb3 cxb3 34. Kf1 Ke6 35. Rb2 Rb8 36. Rd2 b2 0-1


[Site "https://www.chess.com"]

[Event "Titled Tuesday Blitz May 23 Early 2023"]
[White "Averjanov, Alexey"]
[Black "Sukandar, Irine Kharisma"]
[WhiteFideId "14109867"]
[BlackFideId "7101937"]
[WhiteElo "2765"]
[BlackElo "2315"]
[Result "1-0"]
[Round "02"]
[TimeControl "180+2"]
[Date "2023.05.23"]
[WhiteClock "0:00:09"]
[BlackClock "0:00:05"]

1. d4 d5 2. c4 e6 3. Nf3 Nf6 4. e3 b6 5. Nbd2 Bd6 6. Bd3 O-O 7. O-O Bb7 8. Qe2 Nbd7 9. e4 dxe4 10. Nxe4 Nxe4 11. Bxe4 Bxe4 12. Qxe4 Qe7 13. b3 e5 14. dxe5 Nxe5 15. Bb2 Nxf3+ 16. Qxf3 Qh4 17. g3 Qg5 18. Rfe1 Rae8 19. Re2 Rxe2 20. Qxe2 h5 21. Re1 h4 22. Kg2 Rd8 23. Qe4 hxg3 24. hxg3 a5 25. Rh1 Qg6 26. Qh4 f6 27. Qh8+ Kf7 28. Qxd8 Qe4+ 29. Kg1 Qb1+ 30. Bc1 Qxc1+ 31. Kg2 Qc2 32. Qd7+ Kg6 33. Qe8+ Kf5 34. Re1 Kg5 35. Qe3+ Kg6 36. Qe4+ Qxe4+ 37. Rxe4 Kf5 38. Re2 g5 39. f3 g4 40. fxg4+ Kxg4 41. Re4+ Kf5 42. Kf3 Bxg3 43. Re8 Be5 44. Rc8 Bd6 45. a3 Be5 46. b4 axb4 47. axb4 Bd6 48. b5 Be5 49. Ke3 Bd6 50. Rh8 Ke6 51. Ke4 Bc5 52. Rh6 Bd6 53. Rg6 Be5 54. Rh6 Bd6 55. Rh5 Be5 56. Rf5 Bd6 57. Rd5 Be5 58. Kf3 Bd6 59. Kg4 Be5 60. Kh5 Bd6 61. Kg6 Be5 62. Rd3 Bd6 63. Rd5 Be5 64. Rd8 Bd6 65. Re8+ Kd7 66. Kf7 Be5 67. Re6 Bd4 68. Rc6 Be5 69. Re6 Bd4 70. Rc6 Be5 71. Kg6 Bd4 72. Kf5 Be5 73. Ke4 Bc3 74. Kd5 Be5 75. Re6 Bc3 76. Re2 Be5 77. Rg2 Bc3 78. Rg7+ Kd8 79. Kc6 Be5 80. Rf7 Ke8 81. Rh7 Kd8 82. Rg7 Ke8 83. Kd5 Kf8 84. Rd7 Ke8 85. Ke6 Kf8 86. Rd8+ Kg7 87. Rd3 Kg6 88. Rd5 Kg5 89. Rxe5+ fxe5 90. Kxe5 Kg4 91. Kd5 Kf4 92. Kc6 Ke4 93. Kxc7 Kd4 94. Kxb6 Kxc4 95. Kc6 1-0


[Site "https://www.chess.com"]

[Event "Titled Tuesday Blitz May 23 Early 2023"]
[White "Janaszak, Dawid"]
[Black "Tatarinov, Dmitry"]
[WhiteFideId "1119206"]
[BlackFideId "24160067"]
[WhiteElo "2220"]
[BlackElo "2326"]
[Result "0-1"]
[Round "02"]
[TimeControl "180+2"]
[Date "2023.05.23"]
[WhiteClock "0:00:00"]
[BlackClock "0:01:39"]

1. e4 c5 2. Nc3 d6 3. f4 Nc6 4. Nf3 Nf6 5. Bc4 e6 6. O-O a6 7. d3 b5 8. Bb3 c4 9. dxc4 b4 10. Na4 Nxe4 11. Qe1 f5 12. Ng5 Nxg5 13. fxg5 Be7 14. c5 d5 15. Qg3 O-O 16. g6 hxg6 17. Qxg6 Ne5 18. Qh5 Bd7 19. Bf4 Ng4 20. h3 Nf6 21. Qe2 Ne4 22. Kh2 Bb5 23. Qe3 Bxa4 24. Bxa4 Bxc5 25. Qe2 Bd6 26. g3 Bxf4 27. gxf4 Qh4 28. Rf3 Rf6 29. Rg1 Kf7 30. Qg2 g5 31. fxg5 Rg8 32. Qe2 Rxg5 33. Rxg5 Qxg5 34. Qxa6 Rg6 35. Qb7+ Kf6 0-1


[Site "https://www.chess.com"]

[Event "Titled Tuesday Blitz May 23 Early 2023"]
[White "Jaracz, Pawel"]
[Black "cristianserban1"]
[WhiteFideId "1102222"]
[WhiteElo "2438"]
[BlackElo "2534"]
[Result "1-0"]
[Round "02"]
[TimeControl "180+2"]
[Date "2023.05.23"]
[WhiteClock "0:00:42"]
[BlackClock "0:00:00"]

1. d4 d5 2. c4 e6 3. Nc3 c6 4. e3 Nf6 5. Nf3 Nbd7 6. Qc2 Bd6 7. b3 b6 8. Be2 Bb7 9. O-O O-O 10. Bb2 Rc8 11. Rad1 Qe7 12. Rfe1 c5 13. cxd5 Nxd5 14. Nxd5 Bxd5 15. e4 Bb7 16. d5 e5 17. g3 Rc7 18. Nh4 g6 19. Qd2 Bc8 20. Ng2 Nf6 21. f3 Bd7 22. a4 Nh5 23. Ne3 Ng7 24. Bb5 Bxb5 25. axb5 Qd7 26. Nc4 f6 27. f4 exf4 28. Nxd6 Qxd6 29. e5 Qd8 30. d6 Rc8 31. e6 fxg3 32. e7 gxh2+ 33. Kxh2 Qd7 34. exf8=Q+ Rxf8 35. Re7 Qg4 36. d7 Qh4+ 37. Kg1 Qg4+ 38. Kh1 Qf3+ 39. Kh2 Qh5+ 40. Kg1 Qg4+ 41. Kf2 Qh4+ 42. Ke2 Qg4+ 43. Kd3 Nf5 44. Re8 1-0


[Site "https://www.chess.com"]

[Event "Titled Tuesday Blitz May 23 Early 2023"]
[White "Richter, Paul"]
[Black "Fernandez Guillen, Ernesto J."]
[WhiteFideId "2046350"]
[BlackFideId "3512428"]
[WhiteElo "2532"]
[BlackElo "2429"]
[Result "0-1"]
[Round "02"]
[TimeControl "180+2"]
[Date "2023.05.23"]
[WhiteClock "0:00:00"]
[BlackClock "0:00:04"]

1. e4 e5 2. Nf3 Nc6 3. Bb5 f5 4. d3 fxe4 5. dxe4 Nf6 6. O-O d6 7. Qd3 Bg4 8. Bg5 Be7 9. Nbd2 a6 10. Ba4 O-O 11. Bxc6 bxc6 12. Qc4+ Kh8 13. Qxc6 h6 14. Bh4 Nh5 15. Bg3 Nf4 16. Rfe1 Rb8 17. b3 Rb6 18. Qc3 Qd7 19. Qe3 Qe8 20. h3 Be6 21. Bxf4 Rxf4 22. Nf1 Qg6 23. Ng3 Rb8 24. Kh2 Rbf8 25. Re2 h5 26. Nf5 Bxf5 27. exf5 R8xf5 28. Rg1 e4 29. Nd4 Rf7 30. g3 R4f6 31. Qxe4 Rxf2+ 32. Rg2 Rxg2+ 33. Kxg2 Qf6 34. Nf3 Qc3 35. Rf2 Kg8 36. Qe6 Qf6 37. Qc8+ Kh7 38. Qxc7 d5 39. Qc8 Qg6 40. h4 Bd6 41. Qh3 Be7 42. Kh2 Kg8 43. Qg2 Rf8 44. Ne5 Rxf2 45. Qxf2 Qe6 46. Nf3 Bf6 47. Kg2 Qe4 48. c4 dxc4 49. bxc4 Qxc4 50. a3 Qe4 51. Qe1 Qc6 52. Qe2 Kh8 53. Qd3 Qb7 54. Kf2 Qf7 55. Kg2 Qa2+ 56. Kh3 Qe6+ 57. Kg2 Qf7 58. Qe4 Kg8 59. Qf5 Qe8 60. Kh3 Kh8 61. Kg2 Kg8 62. Kh3 Kh8 63. Ng5 Bxg5 64. hxg5 Kg8 65. g6 Qd8 66. Qf7+ Kh8 67. Qf5 Kg8 68. Qxh5 Qf6 69. Qg4 Kf8 0-1


[Site "https://www.chess.com"]

[Event "Titled Tuesday Blitz May 23 Early 2023"]
[White "Ioannidis, Evgenios"]
[Black "Garv Gaur"]
[WhiteFideId "4229274"]
[BlackFideId "45030839"]
[WhiteElo "2386"]
[BlackElo "2068"]
[Result "0-1"]
[Round "02"]
[TimeControl "180+2"]
[Date "2023.05.23"]
[WhiteClock "0:00:13"]
[BlackClock "0:00:06"]

1. d4 Nf6 2. c4 e6 3. Nc3 Bb4 4. Qc2 O-O 5. e4 d5 6. e5 Ne4 7. Bd3 c5 8. Nf3 cxd4 9. Nxd4 Nd7 10. Bf4 Qh4 11. g3 Qh5 12. h4 Nxe5 13. Be2 Bxc3+ 14. bxc3 Ng4 15. Bxg4 Qxg4 16. f3 Qh5 17. g4 Qg6 18. fxe4 e5 19. Nf5 Qxg4 20. Be3 Bxf5 21. exf5 Qf3 22. Kd2 Qg2+ 23. Kc1 Qxh1+ 24. Kb2 Qxh4 25. cxd5 Rac8 26. Rg1 f6 27. d6 Qc4 28. Rd1 Rcd8 29. Qb3 Qxb3+ 30. axb3 b6 31. c4 g6 32. b4 gxf5 33. c5 f4 34. Bf2 e4 35. Bd4 bxc5 36. bxc5 e3 37. Kc3 Rf7 38. Kd3 a5 39. Ke4 e2 40. Re1 a4 41. Kxf4 Re8 42. c6 Rd8 43. d7 Re7 44. Bb6 Rdxd7 45. cxd7 Rxd7 46. Rxe2 Rb7 47. Bd4 Rb4 48. Ke4 f5+ 49. Kd3 Kf7 50. Rh2 Kg6 51. Rg2+ Kh5 52. Rg7 h6 53. Bc3 Rg4 54. Bd2 Rxg7 0-1


[Site "https://www.chess.com"]

[Event "Titled Tuesday Blitz May 23 Early 2023"]
[White "Staudenhocker43"]
[Black "Seo, Jung Min"]
[BlackFideId "1734687"]
[WhiteElo "2527"]
[BlackElo "2468"]
[Result "0-1"]
[Round "02"]
[TimeControl "180+2"]
[Date "2023.05.23"]
[WhiteClock "0:00:13"]
[BlackClock "0:00:19"]

1. d4 Nf6 2. c4 e6 3. Nf3 d5 4. g3 Bb4+ 5. Bd2 a5 6. Qc2 O-O 7. Bg2 Be7 8. O-O c6 9. Bf4 Nbd7 10. Rd1 h6 11. Ne5 Qb6 12. Nc3 Qa6 13. cxd5 exd5 14. e4 dxe4 15. Nxe4 Nxe4 16. Bxe4 Nf6 17. Bg2 Be6 18. Nd3 Bd5 19. Be5 Bxg2 20. Kxg2 Nd5 21. Re1 Rfe8 22. Re4 Bf8 23. Rae1 Re6 24. Nc5 Bxc5 25. dxc5 Rae8 26. Bd4 Nb4 27. Rxe6 Rxe6 28. Qd2 Rxe1 29. Qxe1 Qd3 30. Qe8+ Kh7 31. Be3 Qd5+ 32. Kh3 Nxa2 33. Qa8 Qd7+ 34. Kg2 Nb4 35. Qxa5 Nd3 36. Qd2 Qd5+ 37. Kg1 h5 38. h3 Qe4 39. Qe2 Kg6 40. Qc2 f5 41. Kh2 Ne5 42. Qxe4 fxe4 43. Kg2 Kf5 44. Bd4 g5 45. Kf1 Nf3 46. Bc3 Ke6 47. Ke2 Kd5 48. Ke3 Ng1 49. h4 gxh4 50. gxh4 Nf3 51. Bf6 Nh2 52. Kf4 Ng4 53. f3 exf3 54. Kxf3 Nxf6 55. Kf4 Kxc5 56. Kg5 Nd5 57. Kxh5 Kd6 58. Kg5 Ke5 59. h5 Nf6 60. h6 c5 61. Kg6 b5 62. Kg5 c4 63. Kh4 Kf4 0-1


[Site "https://www.chess.com"]

[Event "Titled Tuesday Blitz May 23 Early 2023"]
[White "The_Sherman_Variation"]
[Black "Zemlyanskii, Ivan"]
[BlackFideId "24249971"]
[WhiteElo "2526"]
[BlackElo "2421"]
[Result "0-1"]
[Round "02"]
[TimeControl "180+2"]
[Date "2023.05.23"]
[WhiteClock "0:01:33"]
[BlackClock "0:01:09"]

1. b4 e5 2. a3 d5 3. Bb2 Bd6 4. e3 Nf6 5. c4 dxc4 6. Bxc4 O-O 7. d4 e4 8. Ne2 h5 9. Nd2 Bf5 10. Qc2 Qe7 11. Ba2 Nbd7 12. Nc4 h4 13. h3 Rac8 14. Nf4 b5 15. Nxd6 cxd6 16. g4 Rxc2 0-1


[Site "https://www.chess.com"]

[Event "Titled Tuesday Blitz May 23 Early 2023"]
[White "Karthik Rajaa"]
[Black "tetrix83"]
[WhiteFideId "25035215"]
[WhiteElo "2215"]
[BlackElo "2526"]
[Result "1-0"]
[Round "02"]
[TimeControl "180+2"]
[Date "2023.05.23"]
[WhiteClock "0:00:16"]
[BlackClock "0:00:00"]

1. Nf3 Nf6 2. b3 g6 3. Bb2 Bg7 4. g3 O-O 5. Bg2 d6 6. d4 Nbd7 7. O-O e5 8. dxe5 Ng4 9. Nbd2 Ngxe5 10. Nxe5 Nxe5 11. Qc1 a5 12. a3 c6 13. c4 Be6 14. Rd1 d5 15. Ne4 Qb6 16. Ng5 Qxb3 17. Nxe6 fxe6 18. cxd5 exd5 19. Rb1 Qa2 20. f4 Nc4 21. Bxg7 Kxg7 22. Qc3+ Kg8 23. Rxb7 Rf7 24. Rxf7 Kxf7 25. Rxd5 Qxe2 26. Rd4 Qe3+ 27. Qxe3 Nxe3 28. Bxc6 Rc8 29. Bd7 Rc1+ 30. Kf2 Nc4 31. a4 Rc2+ 32. Kg1 Ne3 33. Bb5 Rg2+ 34. Kh1 1-0


[Site "https://www.chess.com"]

[Event "Titled Tuesday Blitz May 23 Early 2023"]
[White "Degenbaev, Aziz"]
[Black "Wagner, Dennis"]
[WhiteFideId "13802640"]
[BlackFideId "24650684"]
[WhiteElo "2152"]
[BlackElo "2478"]
[Result "1-0"]
[Round "02"]
[TimeControl "180+2"]
[Date "2023.05.23"]
[WhiteClock "0:00:40"]
[BlackClock "0:00:07"]

1. e4 c5 2. Nf3 e6 3. d4 cxd4 4. Nxd4 Nc6 5. Nc3 Qc7 6. a3 Nf6 7. Be3 a6 8. f4 d6 9. Qf3 Be7 10. O-O-O Nxd4 11. Bxd4 e5 12. fxe5 dxe5 13. Qg3 Nh5 14. Qxe5 Qxe5 15. Bxe5 O-O 16. Be2 Bg5+ 17. Kb1 Nf4 18. Bf3 Ng6 19. Bd6 Rd8 20. e5 Bf4 21. g3 Bg5 22. Na4 Bf5 23. g4 Nh4 24. gxf5 Nxf3 25. Nb6 Ra7 26. Rd3 Nd2+ 27. Ka2 Ne4 28. Rg1 Bh6 29. Be7 Re8 30. f6 a5 31. Rd4 Ng5 32. Rdg4 Ne6 33. Nc4 b5 34. Nd6 Rb8 35. Nf5 Bf4 36. Nxg7 Nxg7 37. Rxg7+ Kh8 38. R1g4 Bxe5 39. Rh4 Rxe7 40. Rhxh7# 1-0


[Site "https://www.chess.com"]